 Dungeon Crawl Stone Soup version 0.29.1-2-gbd0b4ee654 (webtiles) character file.

Game seed: 4365994079949576786

79 Ivernyr the Vexing (level 4, 0/21 HPs)
             Began as a Spriggan Arcane Marksman on Nov 14, 2022.
             Succumbed to an adder's poison
             ... on level 2 of the Dungeon.
             The game lasted 00:15:12 (1732 turns).

Ivernyr the Vexing (Spriggan Arcane Marksman)       Turns: 1732, Time: 00:15:13

Health: 0/21       AC:  2    Str:  6    XL:     4   Next: 16%
Magic:  8/8        EV: 18    Int: 14    God:
Gold:   56         SH:  0    Dex: 17    Spells: 0/7 levels left

rFire   + . .      SeeInvis +   d - +2 dagger (venom)
rCold   + . .      Faith    .   (no shield)
rNeg    . . .      Spirit   .   c - +0 robe
rPois   +          Reflect  .   (helmet restricted)
rElec   +          Harm     .   (no cloak)
rCorr   +          Rampage  .   (gloves unavailable)
Will    +....                   (boots unavailable)
Stlth   ++........              (no amulet)
HPRegen 0.07/turn               (no ring)
MPRegen 0.11/turn               (no ring)

@: lethally poisoned (0 -> -2), resistant, hasted, very quick
A: very small, no large weapons, unfitting armour, see invisible, speed 3,
strong-willed 1, inhibited regeneration
a: no special abilities


You were on level 2 of the Dungeon.
You visited 1 branch of the dungeon, and saw 2 of its levels.

You collected 56 gold pieces.

Inventory:

Hand Weapons
 a - a +1 sling
 d - a +2 dagger of venom (weapon)
Armour
 c - a +0 robe (worn)
Wands
 l - a wand of paralysis (11)
Scrolls
 b - a scroll of poison
 f - a scroll of teleportation {unknown}
 h - 2 scrolls of blinking {unknown}
 j - a scroll of fear {unknown}
 k - a scroll of brand weapon {unknown}
 m - a scroll of enchant armour {unknown}
 n - a scroll of amnesia {unknown}


   Skills:
 - Level 0.7 Fighting
 * Level 3.2 Ranged Weapons
 - Level 3.5 Dodging
 + Level 2.4 Spellcasting
 + Level 4.2 Hexes
 + Level 0.2 Translocations


You couldn't memorise any spells.
You knew the following spells:

 Your Spells              Type           Power      Damage    Failure   Level
a - Slow                  Hex            52%        N/A       4%          1
b - Portal Projectile     Hex/Tloc       16%        N/A       26%         3
c - Inner Flame           Hex/Fire       7%         N/A       28%         3

Your spell library contained the following spells:

 Spells                   Type           Power      Damage    Failure   Level
 Cause Fear               Hex            6%         N/A       36%         4
 Gell's Gravitas          Tloc           2%         N/A       52%         3
 Teleport Other           Tloc           2%         N/A       52%         3
 Dispersal                Tloc           1%         N/A       100%        6


Dungeon Overview and Level Annotations

Branches:
Dungeon (2/15)

Altars:


Innate Abilities, Weirdness & Mutations

You are very small and have problems with some larger weapons.
You are too small for most types of armour.
You have supernaturally acute eyesight. (SInv)
You cover ground extremely quickly. (Speed+++)
You are strong-willed. (Will+)
You do not regenerate when monsters are visible.


Message History

The sling bullet closely misses the adder.
You feel sick. The adder bites you.
Fire: a) +1 sling
Press: ? - help, Q - select action, (/) - cycle Shift-Dir - straight line, f/p - adder
Aim: an adder (almost dead, 40% to hit)
You shoot a sling bullet.
The sling bullet closely misses the adder.
You feel sick. The adder bites you but does no damage.
The adder closely misses you.
Fire: a) +1 sling
Press: ? - help, Q - select action, (/) - cycle Shift-Dir - straight line, f/p - adder
Aim: an adder (almost dead, 40% to hit)
You shoot a sling bullet.
The sling bullet barely misses the adder.
You feel sick. The adder bites you.
You are lethally poisoned!
The adder poisons you! The adder closely misses you.
Your +2 dagger of venom begins to drip with poison!
d - a +2 dagger of venom (weapon)
* * * LOW HITPOINT WARNING * * *
You feel sick.
You hit the adder.
You kill the adder!
* * * LOW HITPOINT WARNING * * *
You feel sick.
It was a potion of resistance.
You feel protected.
* * * LOW HITPOINT WARNING * * *
You feel sick.
It was a potion of mutation.
You feel extremely strange.
Your regeneration stops near monsters.
You feel strong-willed.
* * * LOW HITPOINT WARNING * * *
You feel sick.
It was a potion of haste.
You feel yourself speed up.
* * * LOW HITPOINT WARNING * * *
You feel sick.
A ball python comes into view.
* * * LOW HITPOINT WARNING * * *
You feel sick.
You die...

#>#................#
#.#......<......#..#
#.#...............##
#.............### ##
##........##.###
...#.........##.#
..............##.#
#S.^##........#..#
.....!.....@....##
.......((#.......#
....##...........#
... ...#.#.......#
.........##......#
...####.##......#
... ####..<...# ##
########


There were no monsters in sight!

Vanquished Creatures
  3 adders
  A worm (D:2)
  A dart slug (D:1)
  2 ball pythons (D:1)
  4 bats
  An endoplasm (D:1)
  2 giant cockroaches (D:1)
  3 goblins
  6 hobgoblins
  2 jackals (D:2)
  3 quokkas
  A frilled lizard (D:1)
  11 kobolds
  2 rats (D:2)
42 creatures vanquished.

Notes
Turn   | Place    | Note
-------+----------+-------------------------------------------
     0 | D:1      | Ivernyr the Spriggan Arcane Marksman began the quest for
                  | the Orb.
     0 | D:1      | Reached XP level 1. HP: 9/9 MP: 3/3
   222 | D:1      | Reached XP level 2. HP: 14/14 MP: 3/5
   617 | D:1      | Found a faded altar of an unknown god.
   866 | D:1      | Reached skill level 4 in Hexes
   987 | D:2      | Reached XP level 3. HP: 17/17 MP: 7/7
  1018 | D:2      | Learned a level 3 spell: Portal Projectile
  1639 | D:2      | Reached XP level 4. HP: 21/21 MP: 6/8
  1663 | D:2      | Learned a level 3 spell: Inner Flame
  1727 | D:2      | Gained mutation: You do not regenerate when monsters are
                  | visible. [potion of mutation]
  1727 | D:2      | Gained mutation: You are strong-willed. (Will+) [potion of
                  | mutation]
  1729 | D:2      | HP: 1/21 [poisoned by an adder]
  1732 | D:2      | Succumbed to an adder's poison

Illustrated notes

Levels and vault maps discovered:
D:1:      dpeg_arrival_rooms_c, layout_basic,
          ebering_ecumenical_altar_petrified, minmay_misc_feat_more_columns,
          grunt_decor_mini_mirrors
D:2:      layout_rooms, minmay_pentomino_pile

Skill      XL: |  1  2  3 |
---------------+----------+-----
Dodging        | 3 |  3.5
Spellcasting   | 2 |  2.4
Hexes          | 4 |  4.2
Ranged Weapons | 3 |  3.2
Fighting       | |  0.7
Translocations | |  0.2

Action                   |  1- 3 |  4- 6 || total
-------------------------+-------+-------++-------
Melee: Whip              |    14 |       ||    14
       Dagger            |       |     1 ||     1
 Fire: Sling             |   123 |    17 ||   140
 Cast: Slow              |    14 |       ||    14
  Use: Potion            |       |     3 ||     3
Armor: Robe              |     6 |     3 ||     9
Dodge: Dodged            |    83 |     6 ||    89
